 Dungeon Crawl Stone Soup version 0.25.1-3-ge44b62a0b3 (webtiles) character file.

Game seed: 7782181918121579315

35 Virtue the Poker (level 3, -2/33 HPs)
             Began as a Minotaur Berserker on Nov 20, 2020.
             Was a Believer of Trog.
             Slain by Sigmund
             ... wielding a +1 scythe of distortion
              (4 damage)
             ... on level 2 of the Dungeon.
             The game lasted 00:05:55 (1329 turns).

Virtue the Poker (Minotaur Berserker)               Turns: 1329, Time: 00:05:56

Health: -2/33      AC:  2    Str: 22    XL:     3   Next: 16%
Magic:  2/2        EV: 12    Int:  4    God:    Trog [**....]
Gold:   65         SH:  0    Dex:  9    Spells: 2/2 levels left

rFire    . . .     SeeInvis .   a - +0 spear
rCold    . . .     Gourm    .   (no shield)
rNeg     . . .     Faith    +   b - +0 animal skin
rPois    .         Spirit   .   (helmet restricted)
rElec    .         Reflect  .   (no cloak)
rCorr    +         Harm     .   (no gloves)
MR       .....                  (no boots)
Stlth    +.........             e - amulet of faith
HPRegen  0.11/turn              g - ring of resist corrosion
MPRegen  0.08/turn              (no ring)

@: no status effects
A: retaliatory headbutt, horns 2
a: Berserk, Trog's Hand, Renounce Religion


You were on level 2 of the Dungeon.
You worshipped Trog.
Trog was pleased with you.
You were not hungry.

You visited 1 branch of the dungeon, and saw 2 of its levels.

You collected 65 gold pieces.

Inventory:

Hand Weapons
 a - a +0 spear (weapon)
Missiles
 d - 6 poisoned darts (quivered)
Armour
 b - a +0 animal skin (worn)
 h - a +0 scale mail
Jewellery
 e - an amulet of faith (around neck)
 g - a ring of resist corrosion (left hand)
Scrolls
 l - a scroll of remove curse
Potions
 i - a potion of cancellation {unknown}
 j - a potion of curing
 m - a potion of invisibility {unknown}
Comestibles
 c - a ration


   Skills:
 + Level 4.1 Fighting
 + Level 4.5 Polearms
 + Level 0.3 Throwing
 + Level 2.5 Armour
 + Level 2.3 Dodging


You had 2 spell levels left.
You didn't know any spells.
Your spell library was empty.

Dungeon Overview and Level Annotations

Branches:
Dungeon (2/15)

Altars:

Annotations:
D:2 Sigmund


Innate Abilities, Weirdness & Mutations

You reflexively headbutt those who attack you in melee.
You have a pair of horns on your head.


Message History

You closely miss the bat. You headbutt the bat, but do no damage.
The bat closely misses you. You furiously retaliate!
You headbutt the bat!
You kill the bat!
Trog accepts your kill. Sigmund casts a spell at you. The magic dart hits you!
You hit the rat but do no damage.
Sigmund hits you with a +1 scythe of distortion!
Space bends around you.
* * * LOW HITPOINT WARNING * * *
It was a potion of curing.
You feel better. The rat closely misses you.
The giant cockroach closely misses you.
As you read the scroll labeled JEWAIMAROGH, it crumbles to dust.
It is a scroll of identify.
l - a scroll of remove curse The rat bites you but does no damage.
Sigmund hits you with a +1 scythe of distortion!
* * * LOW HITPOINT WARNING * * *
Space bends around you.
You die...

###########
#..........
+........
######.r...#
.......@@..#
####..s.K.#
#......#
...............
...............
......#....###.#
..#.###.##.# # .
#. #.# .# # #..
..


You could see Sigmund, a giant cockroach, a kobold and a rat.

Vanquished Creatures
  A dart slug (D:1)
  2 giant cockroaches (D:1)
  4 goblins (D:1)
  4 hobgoblins (D:1)
  3 jackals (D:1)
  5 kobolds (D:1)
  5 bats
  3 frilled lizards (D:1)
  6 rats (D:1)
33 creatures vanquished.

Notes
Turn   | Place    | Note
-------+----------+-------------------------------------------
     0 | D:1      | Virtue the Minotaur Berserker began the quest for the Orb.
     0 | D:1      | Reached XP level 1. HP: 19/19 MP: 0/0
   142 | D:1      | Reached XP level 2. HP: 23/27 MP: 1/1
   935 | D:1      | Reached XP level 3. HP: 33/33 MP: 2/2
   938 | D:1      | Reached ** piety under Trog
  1322 | D:2      | Noticed Sigmund
  1329 | D:2      | Slain by Sigmund

Illustrated notes

Levels and vault maps discovered:
D:1:      kennysheep_arrival_seaside, layout_basic
D:2:      layout_basic, lemuel_doored_altar, uniq_natasha, uniq_sigmund

Skill      XL: |  1  2 |
---------------+-------+-----
Polearms       | 4 |  4.5
Fighting       | 4 |  4.1
Throwing       | |  0.3
Armour         | |  2.5
Dodging        | |  2.3

Action                   || total
-------------------------++-------
Melee: Spear             ||    61
       Headbutt          ||    12
Throw: Dart              ||    11
  Use: Scroll            ||     1
       Potion            ||     1
  Eat: Chunk             ||     1
Armor: Animal skin       ||     8
Dodge: Dodged            ||    37
